Match 45284119
Unlisted

Match 45284119
End
Construct Section Command Post
Vickers Machine Gun Team
Selects Australian Defense Battlegroup
Selects Australian Light Infantry Section
Australian Light Infantry Section
Australian Light Infantry Section
Selects Defensive Tactics
Grenade Package
Construct Field Infirmary
Australian Light Infantry Section
Construct Platoon Command Post
Selects CMP 15cwt Supply Run
CMP 15cwt Supply Run
Selects Artillery Trip Wire Flares
Australian Light Infantry Section
Construct Company Command Post
Unlock M3 Grant Medium Tanks
CMP 15cwt Supply Run
Australian Light Infantry Section
M3 Grant Medium Tank
M3 Grant Medium Tank
Royal Engineer Section
Unlock Towed 17-pounder Anti-tank Guns
Selects Archer Tank Destroyer
Archer Tank Destroyer
Takeda!
slayer calitros
ManOWar2
Clear CL
CommieRed
Zergvoss
Thank You Chef
Kray-Tos
0
0

Comments sign in to comment!

No comments posted yet!